 Dungeon Crawl Stone Soup version 0.18-a0-750-g37044d6 (webtiles) character file.

1819 gorblad the Skirmisher (level 8, 0/65 HPs)
             Began as a Mummy Fighter on Dec 11, 2015.
             Slain by an ogre
             ... wielding a +0 giant club
              (15 damage)
             ... on level 7 of the Dungeon.
             The game lasted 00:11:16 (4272 turns).

gorblad the Skirmisher (Mummy Fighter)              Turns: 4272, Time: 00:11:17

Health: 0/65       AC: 15    Str: 22    XL:     8   Next: 85%
Magic:  8/8        EV:  5    Int:  7    God:
Gold:   339        SH: 10    Dex: 11    Spells: 0 memorised, 7 levels left

rFire  x . .     SeeInvis .     a - +0 long sword
rCold  + . .     Clarity  .     i - +1 plate armour
rNeg   + + +     SustAt   +     c - +0 shield
rPois  ∞         Gourm    .     (no helmet)
rElec  .         Spirit   .     (no cloak)
rCorr  .         Dismiss  .     h - +0 pair of gloves
rMut   .         Stasis   .     r - +0 pair of boots
MR     +....                    g - amulet of regeneration
Stlth  ..........               (no ring)
                                m - ring of sustain attributes

@: silence, very slightly contaminated, somewhat resistant to hostile
enchantments, extremely unstealthy
A: no food or potions, fire vulnerability, cold resistance 1, negative energy
resistance 3, torment resistance, unbreathing
a: no special abilities


You were on level 7 of the Dungeon.
You were not hungry.

You visited 1 branch of the dungeon, and saw 7 of its levels.

You collected 339 gold pieces.

Inventory:

Hand Weapons
 a - a +0 long sword (weapon)
 q - the +1 spear "Arbiter" {holy, rElec}
   (You found it on level 4 of the Dungeon)

   It has been blessed by the Shining One to cause great damage to the undead
   and demons.
   It insulates you from electricity.
Armour
 b - a +0 scale mail
 c - a +0 shield (worn)
 h - a +0 pair of gloves (worn)
 i - a +1 plate armour (worn)
 r - a +0 pair of boots (worn)
Jewellery
 g - an amulet of regeneration (around neck)
 k - an uncursed ring of wizardry
 m - a ring of sustain attributes (left hand)
 s - an uncursed ring of flight {unknown}
Wands
 l - a wand of slowing (35)
 u - a wand of cold (12)
Scrolls
 d - a scroll of magic mapping
 e - 6 scrolls of remove curse
 f - 2 scrolls of teleportation
 o - a scroll of amnesia
 p - a scroll of recharging
 t - 4 scrolls of identify


   Skills:
 * Level 6.7 Fighting
 + Level 4.5 Long Blades
 + Level 4.6 Armour
 + Level 1.8 Dodging
 + Level 5.6 Shields


You had 7 spell levels left.
You didn't know any spells.

Dungeon Overview and Level Annotations

Branches:
Dungeon (7/15)
 Temple: D:4-7

Altars:
Cheibriados
Elyvilon
Gozag
Kikubaaqudgha
Okawaru
Trog
Xom
Yredelemnul


Innate Abilities, Weirdness & Mutations

You do not eat or drink.
Your flesh is vulnerable to fire.
You are immune to poison.
Your flesh is cold resistant.
You are immune to negative energy.
You are immune to unholy pain and torment.
You can survive without breathing.


Message History

You hear the hiss of flowing sand.
There is an entrance to an ossuary on this level.
Hurry and find it before the portal is buried!
An ogre comes into view. It is wielding a giant club.
The ogre shouts!
There is a stone staircase leading up here.
Read which item? (? for menu, Esc to quit)
As you read the scroll labeled SOATYICENI, it crumbles to dust.
A profound silence engulfs you.
It was a scroll of silence.
You hit the ogre.
The ogre is lightly wounded.
You block the ogre's attack.
You hit the ogre but do no damage.
The ogre is lightly wounded.
You block the ogre's attack.
You hit the ogre.
The ogre is lightly wounded.
Your shield and plate armour prevent you from hitting the ogre.
The ogre is lightly wounded.
The ogre hits you with a giant club!
You die...

..# # #.#
#. #.# ###.
#.# ....#.#
#..#.###
#......#
#...@..#
.......O..#
####......#
#......#
...##.###
#### #.#
#.# #.#


You could see an ogre.

Vanquished Creatures
  The ghost of Nicoed the Changer, a novice DrTm of Makhleb (D:6)
  Sigmund (D:3)
  Duvessa (D:6)
  An orc warrior (D:6)
  A phantom (D:4)
  An ogre (D:4)
  The ghost of M4edhros the Charlatan, an amateur OpAr (D:4)
  A centaur (D:5)
  Blork the orc (D:4)
  Dowan (D:6)
  2 scorpions
  An orc priest (D:5)
  An orc wizard (D:5)
  3 hounds
  5 worker ants
  10 adders
  3 shadow imps
  An ooze (D:2)
  2 worms
  24 orcs
  2 ball pythons (D:3)
  6 giant cockroaches
  2 gnoll zombies (D:3)
  9 goblins
  14 hobgoblins
  5 jackals
  7 kobolds
  3 quokkas
  8 bats
  4 giant geckos
  A giant gecko skeleton (D:4)
  3 giant newts
  A quokka zombie (D:5)
  8 rats
135 creatures vanquished.

Notes
Turn   | Place    | Note
--------------------------------------------------------------
     0 | D:1      | gorblad the Mummy Fighter began the quest for the Orb.
     0 | D:1      | Reached XP level 1. HP: 18/18 MP: 1/1
   122 | D:1      | Reached XP level 2. HP: 24/24 MP: 2/2
   412 | D:1      | Reached XP level 3. HP: 24/29 MP: 3/3
  1225 | D:2      | Reached XP level 4. HP: 30/35 MP: 4/4
  1578 | D:3      | Noticed Sigmund
  1598 | D:3      | Killed Sigmund
  1598 | D:3      | Reached skill level 4 in Fighting
  1598 | D:3      | Reached skill level 1 in Dodging
  1598 | D:3      | Reached XP level 5. HP: 23/42 MP: 5/5
  1669 | D:3      | Reached XP level 6. HP: 46/48 MP: 6/6
  1715 | D:3      | Found an opulent altar of Gozag.
  1750 | D:3      | Found a bloodstained altar of Trog.
  1896 | D:3      | Found a basalt altar of Yredelemnul.
  2085 | D:4      | Noticed M4edhros's ghost (amateur OpAr)
  2103 | D:4      | Killed M4edhros's ghost
  2248 | D:4      | Got a shimmering spear
  2249 | D:4      | Identified the +1 spear "Arbiter" {holy, rElec} (You found it on level 4 of the Dungeon)
  2397 | D:4      | Reached XP level 7. HP: 51/55 MP: 7/7
  2476 | D:4      | Noticed Blork the orc
  2491 | D:4      | Killed Blork the orc
  2491 | D:4      | Reached skill level 5 in Fighting
  2921 | D:5      | Entered Level 5 of the Dungeon
  2964 | D:5      | Found a white marble altar of Elyvilon.
  2989 | D:5      | Found an iron altar of Okawaru.
  3070 | D:5      | Found a shimmering altar of Xom.
  3284 | D:5      | Found a snail-covered altar of Cheibriados.
  3489 | D:5      | Reached XP level 8. HP: 61/64 MP: 8/8
  3679 | D:6      | Noticed Duvessa
  3680 | D:6      | Noticed Dowan
  3721 | D:6      | Killed Duvessa
  3728 | D:6      | Killed Dowan
  3728 | D:6      | Reached skill level 6 in Fighting
  3728 | D:6      | Reached skill level 5 in Shields
  3810 | D:6      | Noticed Nicoed's ghost (novice DrTm)
  3840 | D:6      | Killed Nicoed's ghost
  4159 | D:6      | Found an ancient bone altar of Kikubaaqudgha.
  4272 | D:7      | Slain by an ogre

Vault maps used:
D:1:      dpeg_arrival_pits, minivault_14, minmay_misc_feat_plants
D:3:      lemuel_zombie_altar_yredelemnul, lemuel_doored_altar,
          old_standard_altar, first_bread, uniq_sigmund
D:4:      uniq_blork_the_orc
D:5:      marbit_many_paths, elyvilon_altar_4, lemuel_crystal_altar,
          kennysheep_mini_moat
D:6:      kiku_gazebo_garden_becter, uniq_duvessa
D:7:      temple_fountains, nicolae_ossuary_entry_plus, st_stairs_4,
          grunt_livestock, minmay_tree_intersection, minmay_item_behind_shaft

Action                   |  1- 3 |  4- 6 |  7- 9 || total
-------------------------+-------+-------+-------++-------
Melee: Long sword        |   122 |   194 |   352 ||   668
  Use: Scroll            |     6 |     4 |    11 ||    21
